 Dungeon Crawl Stone Soup version 0.27-a0-1193-g8631133539 (webtiles) character file.

Game seed: 7588039355900391069

134033 pokeman the Sorcerer (level 16, -3/94 HPs)
             Began as a Deep Elf Hedge Wizard on May 25, 2021.
             Was a High Priest of Vehumet.
             Slain by a bunyip (18 damage)
             ... on level 2 of the Swamp.
             The game lasted 01:44:36 (36832 turns).

pokeman the Sorcerer (Deep Elf Hedge Wizard)       Turns: 36832, Time: 01:44:37

Health: -3/94      AC:  9    Str:  7    XL:     16   Next: 61%
Magic:  10/53      EV: 12    Int: 33    God:    Vehumet [*****.]
Gold:   2158       SH:  0    Dex: 18    Spells: 19/60 levels left

rFire    . . .     SeeInvis .   R - +4 morningstar (freeze)
rCold    . . .     Faith    .   (no shield)
rNeg     + . .     Spirit   .   E - +3 troll leather armour {Snorg}
rPois    +         Reflect  .   Z - +0 helmet {Int+3}
rElec    .         Harm     .   K - +0 cloak {rPois}
rCorr    .         Rampage  .   t - +0 pair of gloves
Will     +....                  J - +0 pair of boots
Stlth    ++........             M - amulet of Fotaoqumn {Acrobat rN+ Slay+2}
HPRegen  1.25/turn              y - ring of magical power
MPRegen  0.33/turn              T - ring of Peis Uru {Wiz Int+3 Dex+4}

@: marked, corroded
A: no striking features
a: Renounce Religion


You were on level 2 of the Swamp.
You worshipped Vehumet.
Vehumet was extremely pleased with you.
You visited 5 branches of the dungeon, and saw 26 of its levels.

You collected 2385 gold pieces.
You spent 227 gold pieces at shops.

Inventory:

Hand Weapons
 q - the +13 scythe of Curses {drain, Drain}
   (You found it on level 6 of the Lair of Beasts)

   A truly terrible weapon, it drains the life of those it strikes.
   It drains your maximum health when unequipped.
 A - a +2 shortbow of flaming
 R - a +4 morningstar of freezing (weapon)
Missiles
 a - 586 arrows
Armour
 t - a +0 pair of gloves (worn)
 E - a +3 troll leather armour (worn) {Snorg}
 J - a +0 pair of boots (worn)
 K - a +0 cloak of poison resistance (worn)
 Z - a +0 helmet of intelligence (worn)
Magical Staves
 p - a staff of poison
Jewellery
 g - a ring of see invisible
 m - a ring of protection from cold
 y - a ring of magical power (left hand)
 G - a ring of flight
 M - the amulet of Fotaoqumn (around neck) {Acrobat rN+ Slay+2}
   (You found it on level 7 of the Dungeon)

   [amulet of the acrobat]

   It increases your evasion while moving and waiting.
   It affects your accuracy and damage with ranged weapons and melee attacks
   (+2).
   It protects you from negative energy.
 T - the ring of Peis Uru (right hand) {Wiz Int+3 Dex+4}
   (You found it on level 8 of the Dungeon)

   [ring of wizardry]

   It improves your spell success rate.
   It affects your intelligence (+3).
   It affects your dexterity (+4).
Wands
 n - a wand of mindburst (12)
 v - a wand of acid (12)
Scrolls
 c - a scroll of torment
 e - 4 scrolls of teleportation
 f - a scroll of enchant weapon {unknown}
 h - 2 scrolls of brand weapon {unknown}
 i - a scroll of acquirement {unknown}
 j - a scroll of amnesia
 l - a scroll of holy word {unknown}
 s - a scroll of fog
 w - a scroll of identify
 x - 4 scrolls of enchant armour {unknown}
 z - 3 scrolls of summoning {unknown}
 C - 3 scrolls of blinking {unknown}
 F - 4 scrolls of fear {unknown}
 H - 4 scrolls of magic mapping
 P - 3 scrolls of noise {unknown}
 Y - 2 scrolls of vulnerability {unknown}
Potions
 b - a potion of magic
 d - 10 potions of curing
 k - 3 potions of ambrosia
 o - 3 potions of haste
 r - a potion of mutation
 D - 11 potions of heal wounds
 I - 3 potions of attraction
Miscellaneous
 u - a box of beasts (inert)


   Skills:
 - Level 8.3 Fighting
 + Level 8.2 Armour
 - Level 3.0 Dodging
 - Level 3.2 Stealth
 * Level 22.7 Spellcasting
 + Level 14.6 Conjurations
 - Level 1.1 Summonings
 - Level 1.1 Translocations
 - Level 1.0 Transmutations
 + Level 14.2 Fire Magic
 - Level 1.4 Air Magic
 - Level 1.0 Earth Magic
 - Level 1.0 Poison Magic
 - Level 1.0 Evocations


You had 19 spell levels left.
You knew the following spells:

 Your Spells              Type           Power      Damage    Failure   Level
a - Magic Dart            Conj           100%       1d8       0%          1
b - Mephitic Cloud        Conj/Pois/Air  66%        N/A       1%          3
c - Call Imp              Summ           44%        N/A       1%          2
d - Blink                 Tloc           N/A        N/A       1%          2
e - Conjure Flame         Conj/Fire      93%        6-21      0%          3
f - Foxfire               Conj/Fire      100%       2x1d9     0%          1
g - Fireball              Conj/Fire      46%        3d18      1%          5
h - Stone Arrow           Conj/Erth      100%       3d13      1%          3
i - Passwall              Tmut/Erth      36%        N/A       1%          2
j - Orb of Destruction    Conj           46%        9d15      1%          7
k - Shadow Creatures      Summ           N/A        N/A       38%         6
l - Starburst             Conj/Fire      46%        8x6d13    1%          6

Your spell library contained the following spells:

 Spells                   Type           Power      Damage    Failure   Level
 Corona                   Hex            41%        N/A       1%          1
 Sandblast                Erth           88%        2d18      1%          1
 Corpse Rot               Necr/Air       N/A        N/A       1%          2
 Ensorcelled Hibernation  Hex/Ice        74%        N/A       1%          2
 Slow                     Hex            37%        N/A       1%          2
 Sublimation of Blood     Necr           18%        N/A       1%          2
 Confusing Touch          Hex            37%        N/A       1%          3
 Dazzling Flash           Conj/Hex       100%       N/A       1%          3
 Inner Flame              Hex/Fire       71%        N/A       1%          3
 Tukima's Dance           Hex            37%        N/A       1%          3
 Sticky Flame             Conj/Fire      93%        2d10      1%          4
 Bolt of Magma            Conj/Fire/Erth 40%        4d17      1%          5
 Iskenderun's Battlesphe  Conj           93%        2d14      1%          5
 Conjure Ball Lightning   Conj/Air       37%        3x3d12    1%          6
 Iron Shot                Conj/Erth      36%        9d7       1%          6
 Animate Armour           Summ/Erth      88%        N/A       2%          4
 Petrify                  Tmut/Erth      44%        N/A       2%          4
 Summon Lightning Spire   Summ/Air       45%        N/A       2%          4
 Lee's Rapid Deconstruct  Erth           22%        3d13*     2%          5
 Dispel Undead            Necr           37%        3d15      4%          4
 Spellforged Servitor     Conj/Summ      36%        N/A       4%          7
 Silence                  Hex/Air        21%        N/A       9%          5
 Borgnjor's Vile Clutch   Necr/Erth      20%        N/A       10%         5
 Agony                    Necr           37%        N/A       12%         5
 Excruciating Wounds      Necr           18%        N/A       12%         5
 Tornado                  Air            23%        N/A       100%        9


Dungeon Overview and Level Annotations

Branches:
Dungeon (15/15)            Temple (1/1) D:7            Lair (6/6) D:11
  Swamp (2/4) Lair:4       Spider (0/4) Lair:3        Slime (0/5) Lair:6
    Orc (2/2) D:12            Elf (0/3) Orc:2        Vaults (0/5) D:14
 Depths (0/5) D:15

Altars:
Ashenzari
Cheibriados
Dithmenos
Elyvilon
Fedhas
Gozag
Hepliaklqana
Kikubaaqudgha
Makhleb
Nemelex Xobeh
Okawaru
Qazlal
Ru
Sif Muna
Trog
Uskayaw
Vehumet
Wu Jian
Xom
Yredelemnul
Zin
The Shining One
Lugonu

Shops:
D:4 *   D:6 :!!(?   D:7 [   D:9 (   D:14 *   Orc:1 :   Orc:2 *(:[[

Portals:
Trove: D:12 (give +2 gold dragon scales)
Ice
Cave: Swamp:2


Message History

Your juvenile weirdsting beast stings the swamp drake but does no damage.
Unknown command.
Casting: Blink (safe; 1% risk of failure)
Confirm with . or Enter, or press ? or * to list all spells.
You blink.
Splash!
A swamp worm and a bunyip come into view.
Your juvenile weirdsting beast barely misses the swamp drake.
Your juvenile weirdsting beast stings the swamp drake but does no damage.
The bunyip howls a warning cry!
The eleionoma melds with the trees.
A bloated husk comes into view.
The swamp drake breathes poison at you.
The noxious blast engulfs you but does no damage.
You resist.
Your juvenile weirdsting beast hits the swamp drake!
Your juvenile weirdsting beast stings the swamp drake!
The swamp drake dies!
Vehumet accepts your kill.
Found 15 stones.
The goliath frog misses you.
The tyrant leech is engulfed in noxious fumes.
Unknown command.
The goliath frog hits you from afar!! The acid corrodes you!
You are splashed with acid!
The swamp worm is engulfed in noxious fumes.
Your juvenile weirdsting beast hits the goliath frog!
Your juvenile weirdsting beast closely misses the goliath frog.
Your juvenile weirdsting beast barely misses the goliath frog.
The tyrant leech is engulfed in noxious fumes.
The goliath frog hits you from afar!! The acid corrodes you!
You are splashed with acid!
* * * LOW HITPOINT WARNING * * *
Found a ring mail.
There is a frozen archway, spattered with blood here.
Unknown command.
The bunyip claws you!
* * * LOW HITPOINT WARNING * * *
The bunyip claws you!!
You die...

***,,,,,,,*,≈,≈≈≈**
*,,.♣≈≈..≈.≈≈,..≈♣
**,♣..≈..≈≈≈.♣...♣♣ ******
***,≈[..(...≈≈♣.≈≈§.♣♣**≈,,,*
**,≈,,...........≈≈≈≈.♣*≈,,,,≈
*≈,,≈≈≈.♣.........≈≈≈.♣≈,,,≈≈,
****.≈≈.,*♣..............*♣,,≈≈≈,
≈**..≈≈≈≈*♣../.........♣,..≈≈≈≈≈,
,,...≈x≈≈≈♣.....@.w...≈♣.≈≈≈≈≈≈≈,
≈≈≈≈≈≈≈≈.♣♣....xw.....§...§≈≈≈,,*
≈≈≈≈≈≈≈≈x.....tF.......≈..≈**,,,*
≈≈≈§≈≈.≈≈≈≈....H...x..≈..≈.,***≈*
,...≈...t≈≈.≈......R.≈..≈..,,≈***
,≈.......≈≈≈n.....≈§≈.≈.≈.≈≈,,**,
,,≈♣.≈≈≈.≈≈≈≈.≈≈§≈......≈.≈≈≈,,≈,
***♣.≈≈†≈≈≈≈≈§≈≈≈≈.≈♣♣.....,,,,,,
≈* ♣♣.≈...≈≈≈≈≈≈≈§.♣♣ ♣≈...**≈≈≈,


You could see 2 bunyips, an eleionoma, an alligator, a tyrant leech, a goliath
frog (ally target), a swamp worm, a bloated husk and a friendly juvenile
weirdsting beast (summoned).

Vanquished Creatures
  A frost giant (D:15)
  2 eleionomae (Swamp:1)
  Snorg (D:14)
  The ghost of Xus Ref the Fighter, a journeyman DjVM of Makhleb (D:12)
  A vault guard (D:14)
  4 boulder beetles
  11 hydras
  4 centaur warriors
  3 ogre magi
  Erica (D:10)
  A death knight (D:12)
  2 tengu warriors (D:15)
  17 two-headed ogres
  14 death yaks
  3 alligators (Swamp:1)
  The ghost of Gainor the Martial Artist, a novice HuMo of Wu Jian (Lair:1)
  Sonja (D:10)
  Nergalle (D:10)
  2 deep trolls
  8 skeletal warriors
  A flayed ghost (D:12)
  A swamp dragon (Swamp:1)
  A wolf spider zombie (D:12)
  A bog body (Swamp:1)
  2 orc knights
  14 ugly things
  Pikel (D:6)
  2 will-o-the-wisps (Swamp:2)
  An orc sorcerer (Orc:1)
  6 cyclopes
  A manticore (D:15)
  17 elephants
  6 black mambas
  3 ice statues
  A gargoyle (D:12)
  4 torpor snails
  An unseen horror (D:10)
  A kobold demonologist (D:12)
  29 cane toads
  19 komodo dragons
  5 rime drakes
  A freezing wraith (D:12)
  2 polar bears
  16 trolls
  5 tyrant leeches (Lair:6)
  3 hornets
  23 blink frogs
  Prince Ribbit (D:6)
  25 slime creatures
  4 dream sheep (Lair:2)
  2 water elementals (D:12)
  2 centaur simulacra (D:12)
  2 vampires (D:12)
  55 yaks
  A wraith (D:13)
  The ghost of CowFu the Slasher, an amateur MiFi of Fedhas (D:3)
  6 basilisks
  4 hogs (D:10)
  8 wyverns
  A human (D:10)
  12 vampire mosquitoes
  Edmund (D:5)
  2 wargs
  Menkaure (D:6)
  5 acid dragons
  3 swamp worms (Swamp:1)
  17 water moccasins
  Duvessa (D:6)
  A sky beast (D:6)
  A hornet zombie (D:12)
  2 ice beasts (D:8)
  A spectral hornet (D:12)
  A black bear (D:6)
  20 orc warriors
  26 ogres
  A necrophage (D:7)
  13 wolves
  14 centaurs
  A lemure (D:6)
  2 phantoms
  4 kobold brigands
  3 gnoll sergeants
  31 bullfrogs
  2 wyvern zombies (D:6)
  3 scorpions
  Dowan (D:6)
  4 killer bees (D:9)
  5 wights
  5 howler monkeys
  8 electric eels
  6 centaur zombies
  8 hounds
  An iron imp (D:12)
  2 jellies (D:5)
  15 orc priests
  Crazy Yiuf (D:6)
  2 centaur skeletons
  3 bullfrog skeletons
  A gnoll shaman (D:8)
  Ijyb (D:4)
  An iguana (D:6)
  18 orc wizards
  A killer bee zombie (D:7)
  A hound zombie (D:5)
  2 howler monkey zombies
  24 gnolls
  12 adders
  A shadow imp (D:5)
  2 white imps
  2 worms (D:2)
  6 dart slugs
  68 orcs
  9 bats
  13 endoplasms
  A giant cockroach (D:3)
  7 goblins
  5 hobgoblins
  6 jackals (D:3)
  16 kobolds
  6 quokkas
  9 ball pythons
  2 frilled lizards (D:3)
  2 rats
  3 bushes
  A butterfly (Lair:6)
807 creatures vanquished.

Vanquished Creatures (collateral kills)
  A hornet (D:6)
  A swamp drake (Swamp:2)
  A sky beast (D:6)
  An orc priest (D:4)
4 creatures vanquished.

Vanquished Creatures (others)
  A manticore (D:12)
  A tyrant leech (Swamp:1)
  396 foxfires
  35 fungi
  137 plants
  3 withered plants
573 creatures vanquished.

Grand Total: 1384 creatures vanquished

Notes
Turn   | Place    | Note
-------+----------+-------------------------------------------
     0 | D:1      | pokeman the Deep Elf Hedge Wizard began the quest for the
                  | Orb.
     0 | D:1      | Reached XP level 1. HP: 10/10 MP: 7/7
   229 | D:1      | Reached XP level 2. HP: 16/16 MP: 2/9
   334 | D:1      | Found a faded altar of an unknown god.
   546 | D:1      | Reached skill level 5 in Spellcasting
   922 | D:1      | Reached XP level 3. HP: 20/20 MP: 2/11
   926 | D:1      | Learned a level 3 spell: Mephitic Cloud
   929 | D:1      | Learned a level 2 spell: Call Imp
   932 | D:1      | Learned a level 2 spell: Blink
   936 | D:1      | Learned a level 3 spell: Conjure Flame
  1357 | D:2      | Reached skill level 1 in Armour
  1391 | D:2      | Reached skill level 1 in Fighting
  1496 | D:2      | Learned a level 1 spell: Foxfire
  1546 | D:2      | Reached XP level 4. HP: 8/25 MP: 5/13
  2353 | D:3      | Found a runed translucent door.
  2354 | D:3      | Noticed CowFu's ghost (amateur MiFi)
  2848 | D:3      | Reached skill level 1 in Fire Magic
  2887 | D:3      | Reached skill level 6 in Spellcasting
  3059 | D:3      | Found a sacrificial altar of Ru.
  3063 | D:3      | Reached XP level 5. HP: 29/29 MP: 11/15
  3170 | D:3      | Learned a level 3 spell: Stone Arrow
  3353 | D:3      | Killed CowFu's ghost
  3354 | D:3      | Reached skill level 1 in Air Magic
  3354 | D:3      | Reached XP level 6. HP: 18/34 MP: 1/17
  3646 | D:4      | Found Imoreroh's Lightly-Used Armoury.
  3691 | D:4      | Noticed Ijyb
  3700 | D:4      | Killed Ijyb
  3709 | D:4      | Reached skill level 7 in Spellcasting
  3709 | D:4      | Reached skill level 1 in Earth Magic
  3709 | D:4      | Reached skill level 1 in Evocations
  4110 | D:4      | Reached skill level 1 in Poison Magic
  4110 | D:4      | Reached XP level 7. HP: 38/38 MP: 16/20
  4640 | D:4      | Reached skill level 8 in Spellcasting
  4872 | D:4      | Learned a level 5 spell: Fireball
  4875 | D:4      | Learned a level 2 spell: Passwall
  5036 | D:5      | Entered Level 5 of the Dungeon
  5088 | D:5      | Reached skill level 1 in Transmutations
  5495 | D:5      | Noticed Edmund
  5530 | D:5      | Killed Edmund
  5531 | D:5      | Reached skill level 9 in Spellcasting
  5531 | D:5      | Reached XP level 8. HP: 38/44 MP: 17/23
  6280 | D:6      | Found Yxenesas's Distillery.
  6400 | D:6      | Found Dilashrohi's Book Emporium.
  6442 | D:6      | Found Seushrigh's Distillery.
  6458 | D:6      | Bought a potion of degeneration for 12 gold pieces
  6458 | D:6      | Bought a potion of lignification for 36 gold pieces
  6458 | D:6      | Bought a potion of heal wounds for 60 gold pieces
  6502 | D:6      | Found a runed translucent door.
  6503 | D:6      | Noticed Crazy Yiuf
  6522 | D:6      | Reached skill level 5 in Conjurations
  6613 | D:6      | Noticed Menkaure
  6625 | D:6      | Killed Menkaure
  6718 | D:6      | Noticed Dowan
  6719 | D:6      | Noticed Duvessa
  6731 | D:6      | Killed Dowan
  6741 | D:6      | Noticed Prince Ribbit
  6746 | D:6      | Killed Prince Ribbit
  6747 | D:6      | Reached skill level 10 in Spellcasting
  6748 | D:6      | Killed Duvessa
  6845 | D:6      | Found a stormy altar of Qazlal.
  6866 | D:6      | Noticed Pikel
  6889 | D:6      | Killed Pikel
  6890 | D:6      | Reached XP level 9. HP: 36/48 MP: 25/25
  7196 | D:6      | Found Ocliulua's Antique Weapon Shoppe.
  7276 | D:6      | Reached skill level 11 in Spellcasting
  7329 | D:6      | Found Degiseudgh's Magic Scroll Shop.
  7336 | D:6      | Bought a scroll of magic mapping for 49 gold pieces
  7336 | D:6      | Bought a scroll of identify for 28 gold pieces
  7336 | D:6      | Bought a scroll of teleportation for 42 gold pieces
  7469 | D:6      | Found a basalt altar of Yredelemnul.
  7476 | D:6      | Found a white marble altar of Elyvilon.
  7480 | D:6      | Found a shimmering blue altar of Sif Muna.
  7617 | D:6      | Reached skill level 5 in Fire Magic
  7706 | D:6      | Noticed a two-headed ogre
  7714 | D:6      | Killed a two-headed ogre
  7732 | D:6      | Reached skill level 12 in Spellcasting
  8294 | D:6      | Found a burning altar of Makhleb.
  8407 | D:6      | Killed Crazy Yiuf
  8609 | D:7      | Reached XP level 10. HP: 56/56 MP: 28/28
  8648 | D:7      | Identified the amulet of Fotaoqumn {Acrobat rN+ Slay+2}
  8957 | D:7      | Found a staircase to the Ecumenical Temple.
  8965 | Temple   | Entered the Ecumenical Temple
  8997 | Temple   | Became a worshipper of Vehumet
  9173 | D:7      | Found a snail-covered altar of Cheibriados.
  9174 | D:7      | Found Cheibriados's Comfort Zone.
  9638 | D:7      | Found a shadowy altar of Dithmenos.
  9639 | D:7      | Found a hazy altar of Hepliaklqana.
 10334 | D:8      | Reached skill level 13 in Spellcasting
 10411 | D:8      | Found a bloodstained altar of Trog.
 10586 | D:8      | Found a glowing silver altar of Zin.
 10586 | D:8      | Noticed an angel
 10651 | D:8      | Reached * piety under Vehumet
 10651 | D:8      | Offered knowledge of Freeze by Vehumet.
 10730 | D:8      | Found a snail-covered altar of Cheibriados.
 10730 | D:8      | Found an ancient bone altar of Kikubaaqudgha.
 10742 | D:8      | Identified the ring of Peis Uru {Wiz Int+3 Dex+4}
 10764 | D:8      | Found an opulent altar of Gozag.
 11628 | D:9      | Found Burph's Antique Weapon Shop.
 11630 | D:9      | Found a blossoming altar of Fedhas.
 12014 | D:9      | Paralysed by a hornet for 3 turns
 12445 | D:9      | Reached skill level 14 in Spellcasting
 12445 | D:9      | Reached XP level 11. HP: 60/60 MP: 19/31
 12617 | D:10     | Entered Level 10 of the Dungeon
 12620 | D:10     | Reached skill level 5 in Armour
 12755 | D:10     | Offered knowledge of Shock by Vehumet.
 12782 | D:10     | Noticed Nergalle
 12808 | D:10     | Killed Nergalle
 13001 | D:10     | Identified the +3 leather armour of the True Pharaoh {rN+}
 13062 | D:10     | Reached ** piety under Vehumet
 13087 | D:10     | Noticed Erica
 13099 | D:10     | Killed Erica
 13418 | D:10     | Noticed Sonja
 13421 | D:10     | Killed Sonja
 13499 | D:10     | Reached skill level 15 in Spellcasting
 14315 | D:11     | Noticed an orc knight
 14512 | D:11     | Killed an orc knight
 14691 | D:11     | Noticed a boulder beetle
 14707 | D:11     | Killed a boulder beetle
 15073 | D:11     | Noticed a boulder beetle
 15089 | D:11     | Killed a boulder beetle
 15132 | D:11     | Noticed a two-headed ogre
 15135 | D:11     | Killed a two-headed ogre
 15136 | D:11     | Reached XP level 12. HP: 64/64 MP: 21/33
 15251 | D:11     | Offered knowledge of Searing Ray by Vehumet.
 15524 | D:11     | Noticed a two-headed ogre
 15528 | D:11     | Killed a two-headed ogre
 15529 | D:11     | Reached skill level 16 in Spellcasting
 15547 | D:11     | Reached *** piety under Vehumet
 15649 | D:11     | Reached skill level 10 in Conjurations
 15815 | D:11     | Found a staircase to the Lair.
 16719 | D:12     | Offered knowledge of Ignite Poison by Vehumet.
 16748 | D:12     | Found a snail-covered altar of Cheibriados.
 16847 | D:12     | Reached skill level 10 in Fire Magic
 16848 | D:12     | Reached skill level 17 in Spellcasting
 16983 | D:12     | Found a transporter.
 17006 | D:12     | Noticed Xus Ref's ghost (journeyman DjVM)
 17012 | D:12     | Noticed a death knight
 17041 | D:12     | Found a staircase to the Orcish Mines.
 17152 | D:12     | Found a transporter.
 17268 | D:12     | Found a portal to a secret trove of treasure.
 17823 | D:12     | Identified the +0 robe of Putazeleumm {+Blink rF- Str+4}
 17934 | D:13     | Noticed a two-headed ogre
 17936 | D:13     | Killed a two-headed ogre
 18064 | D:13     | Noticed a centaur warrior
 18069 | D:13     | Killed a centaur warrior
 18706 | D:13     | Reached XP level 13. HP: 70/70 MP: 27/36
 19373 | D:14     | Noticed Snorg
 19952 | D:14     | Reached **** piety under Vehumet
 20128 | D:14     | Reached skill level 18 in Spellcasting
 20264 | D:14     | You fall into a shaft and drop 1 floor!
 20264 | D:15     | Entered Level 15 of the Dungeon
 20284 | D:15     | Reached skill level 5 in Fighting
 20294 | D:15     | Noticed a frost giant
 20298 | D:15     | Offered knowledge of Lightning Bolt by Vehumet.
 20613 | D:14     | Found Gapeg's General Store.
 21157 | D:14     | Killed Snorg
 21262 | D:14     | Found a gate to the Vaults.
 21653 | D:15     | Reached skill level 19 in Spellcasting
 21653 | D:15     | Reached XP level 14. HP: 79/79 MP: 38/39
 21899 | D:15     | Found a staircase to the Depths.
 21942 | D:15     | Killed a frost giant
 22455 | D:15     | Learned a level 7 spell: Orb of Destruction
 22995 | Lair:1   | Entered Level 1 of the Lair of Beasts
 23320 | Lair:1   | Noticed Gainor's ghost (novice HuMo)
 24081 | Lair:1   | Found a runed translucent door.
 24523 | Lair:1   | Killed Gainor's ghost
 24860 | Lair:2   | Reached ***** piety under Vehumet
 24860 | Lair:2   | Offered knowledge of Irradiate by Vehumet.
 25032 | Lair:2   | Reached skill level 20 in Spellcasting
 26765 | Lair:3   | Reached XP level 15. HP: 86/86 MP: 30/41
 27804 | Lair:3   | Found a hole to the Spider Nest.
 28770 | Lair:4   | Offered knowledge of Ozocubu's Refrigeration by Vehumet.
 28947 | Lair:4   | Found a staircase to the Swamp.
 29664 | Lair:5   | Reached skill level 21 in Spellcasting
 30193 | Lair:5   | Learned a level 6 spell: Shadow Creatures
 30575 | Lair:6   | Entered Level 6 of the Lair of Beasts
 30815 | Lair:6   | Found a staircase to the Slime Pits.
 32189 | Lair:6   | Offered knowledge of Yara's Violent Unravelling by Vehumet.
 32477 | Lair:6   | Reached XP level 16. HP: 94/94 MP: 38/43
 32660 | Lair:6   | Found the +13 scythe of Curses {drain, Drain}
 33258 | D:12     | Killed Xus Ref's ghost
 33386 | D:12     | Reached skill level 22 in Spellcasting
 33503 | Orc:1    | Entered Level 1 of the Orcish Mines
 33675 | Orc:1    | Found Ihoutytiof's Book Shop.
 34100 | Orc:2    | Entered Level 2 of the Orcish Mines
 34321 | Orc:1    | Paralysed by an ogre mage for 6 turns
 34730 | Orc:2    | Offered knowledge of Starburst by Vehumet.
 34739 | Orc:2    | Learned a level 6 spell: Starburst
 35020 | Orc:2    | Found Ybbeeno's Antique Armour Shop.
 35023 | Orc:2    | Found Rofener's Book Boutique.
 35024 | Orc:2    | Found Quguunua's Antique Weapon Emporium.
 35035 | Orc:2    | Found Fuomic's Armour Boutique.
 35154 | Orc:2    | Found a staircase to the Elven Halls.
 35358 | Orc:2    | Found Xyrax's Assorted Antiques.
 35924 | Swamp:1  | Entered Level 1 of the Swamp
 36817 | Swamp:2  | Found a frozen archway.
 36832 | Swamp:2  | Slain by a bunyip

Illustrated notes

Levels and vault maps discovered:
D:1:      dpeg_arrival_orchard, layout_basic, ebering_ecumenical_altar_petrified
D:2:      layout_rooms, dk_vineyard_2, minmay_pentomino_w2
D:3:      layout_loops_ring, lemuel_tele_altar, gammafunk_ghost_grave,
          minmay_vboxes
D:4:      layout_basic, minmay_shop_damaged, uniq_ijyb
D:5:      layout_loops_ring, kennysheep_cross_bottleneck, serial_park_tiny_1,
          grunt_ministairs_10, minmay_door_square, uniq_edmund
D:6:      minmay_chambers_of_threes, layout_loops_ring,
          grunt_temple_overflow_diamond, lemuel_coloured_pillars_altar,
          old_standard_altar, serial_shops, shop, shop, shop_statue, shop,
          nicolae_shop_crystal, uniq_menkaure, uniq_prince_ribbit1, uniq_pikel,
          uniq_crazy_yiuf_cottage, uniq_duvessa
D:7:      layout_loops_ring, riverfiend_overflow_shadow_ancestor,
          minmay_temple_entry_glassed_door, serial_co_window_serial,
          co_window_of_opportunity_a, co_window_of_opportunity_a,
          co_window_corner_a, co_window_corner_a, co_window_corner_a,
          co_window_of_opportunity_a, co_window_broadway_a, co_window_cross_2,
          co_window_corner_cb, co_window_unsneaky_path_e, glass_columns_a,
          glass_columns_b, glass_columns_c, glass_columns_c, minmay_shop_chei
D:8:      layout_basic, zin_angel, bloody_trog,
          gammafunk_temple_overflow_forgotten, minmay_misc_feat_tiny,
          sigmund_army
D:9:      layout_roguey, fedhas_altar_1, serial_shops, shop
D:10:     layout_stronghold, grunt_livestock, grunt_ministairs_12,
          serial_bayou_lagoon_b, uniq_nergalle, uniq_erica, uniq_sonja
D:11:     layout_basic, erik_lair_dragon, st_stairs_5
D:12:     lemuel_ice_statue, layout_basic, orc_0_dummy, trove_entry_hex_spiral,
          gammafunk_ghost_mausoleum, slow_altar_1
D:13:     layout_loops_corners
D:14:     layout_gridville, david_vaults_5, serial_shops,
          nicolae_shop_waterfront, kennysheep_generic_room_10, uniq_snorg
D:15:     grunt_enter_depths_snipers, layout_basic, minmay_tree_intersection
Temple:   corrupted_temple
Lair:1:   layout_cave_pods, hellmonk_ghost_happy_afterlife, grunt_megastairs_1,
          serial_bayou_shore_b, lemuel_fruit_tree
Lair:2:   layout_chaotic_city
Lair:3:   nzn_winding_woodlands_huge [nzn_winding_woodlands_5x15_sawtooth,
          nzn_winding_woodlands_5x15_longhouse,
          nzn_winding_woodlands_5x15_parted, nzn_winding_woodlands_5x15_pockets,
          nzn_winding_woodlands_5x15_jagged,
          nzn_winding_woodlands_5x15_river_crossing,
          nzn_winding_woodlands_5x15_garden, nzn_winding_woodlands_5x15_twine,
          nzn_winding_woodlands_5x15_split_checker,
          nzn_winding_woodlands_5x15_concentric,
          nzn_winding_woodlands_center_pierced_h,
          nzn_winding_woodlands_center_triple_pond,
          nzn_winding_woodlands_15x15_killbox], layout_misc_corridors,
          dummy_spider_entry
Lair:4:   layout_regular_city, swamp_mist_pool
Lair:5:   layout_cave_shapes, serial_bayou_crossing, grunt_megastairs_5
Lair:6:   minmay_lair_end_frog_pond, layout_regular_city, slime_dummy,
          grunt_forest_small_clearing_treed, lemuel_fruit_fields
Swamp:1:  layout_basic_swamp, evilmike_swamp_ruin_house_1, swamp_pool1,
          infiniplex_staircase_pool
Swamp:2:  layout_basic_swamp, portal_ice_cave_entry_ice_statue_two,
          evilmike_swamp_ruin_house_2, swamp_pool5, statue_in_the_mist_lemuel
Orc:1:    layout_caves, serial_shops, shop
Orc:2:    st_orc_open, layout_caves, serial_shops,
          nicolae_shop_overgrown_old_shop

Skill      XL: |  1  2  3  4  5  6  7  8  9 10 11 12 13 14 15 16 |
---------------+-------------------------------------------------+-----
Spellcasting   | 5 6 7 9 10 12 14 15 17 19 20 21 22 | 22.7
Armour         | 1 3 4 6 7 8 |  8.2
Fighting       | 1 2 3 4 5 7 8 |  8.3
Conjurations   | 2 3 4 5 7 8 9 10 12 13 14 | 14.6
Fire Magic     | 1 2 4 5 7 9 10 11 12 13 14 | 14.2
Dodging        | 3 |  3.0
Stealth        | 3 |  3.2
Air Magic      | 1 |  1.4
Earth Magic    | 1 |  1.0
Evocations     | 1 |  1.0
Poison Magic   | 1 |  1.0
Transmutations | 1 |  1.0
Summonings     | |  1.1
Translocations | |  1.1

Action                   |  1- 3 |  4- 6 |  7- 9 | 10-12 | 13-15 | 16-18 || total
-------------------------+-------+-------+-------+-------+-------+-------++-------
Melee: Whip              |     5 |    28 |       |       |       |       ||    33
       Dagger            |       |     6 |    24 |       |       |       ||    30
       Flail             |       |       |    34 |    19 |       |       ||    53
       Morningstar       |       |       |       |    36 |    17 |     3 ||    56
 Cast: Magic Dart        |    88 |    37 |    31 |       |       |       ||   156
       Foxfire           |     7 |    43 |    69 |    87 |     6 |    11 ||   223
       Call Imp          |       |     4 |     8 |     5 |     2 |     4 ||    23
       Conjure Flame     |       |     7 |    16 |    25 |     2 |     3 ||    53
       Mephitic Cloud    |       |     3 |    20 |    13 |     8 |     3 ||    47
       Passwall          |       |       |     3 |     2 |       |       ||     5
       Stone Arrow       |       |       |    16 |    29 |    22 |    11 ||    78
       Fireball          |       |       |       |   174 |   510 |   156 ||   840
       Blink             |       |       |       |    11 |    13 |    16 ||    40
       Orb of Destructio |       |       |       |       |     4 |     1 ||     5
       Starburst         |       |       |       |       |       |     2 ||     2
Evoke: Wand              |       |       |       |       |     1 |       ||     1
       Box of beasts     |       |       |       |       |       |     1 ||     1
  Use: Scroll            |       |       |       |     7 |     6 |     3 ||    16
 Stab: Sleeping          |       |     1 |       |       |       |       ||     1
       Confused          |       |     3 |     9 |       |       |       ||    12
Armor: Leather armour    |       |     7 |    25 |    22 |       |       ||    54
       Robe              |       |     1 |       |       |       |       ||     1
       Troll leather arm |       |       |       |    27 |    28 |    17 ||    72
Dodge: Dodged            |    13 |    24 |    49 |    98 |    70 |    27 ||   281

Table legend: (Time is in decaauts)
 A = Elapsed time spent in this place.
 B = Non-inter-level travel time spent in this place.
 C = Inter-level travel time spent in this place.
 D = Time resting spent in this place.
 E = Time spent auto-exploring this place.
 F = Levels seen in this place.
 G = Mean time per level.
                   A        B        C        D        E       F      G
               +--------+--------+--------+--------+--------+-----+--------+
         Total |  37128 |  33676 |   3452 |   3378 |  26039 |  26 | 1428.0 |
       Dungeon |  24131 |  21590 |   2541 |   1502 |  17213 |  15 | 1608.7 |
        Temple |    145 |    107 |     38 |      0 |     24 |   1 |  145.0 |
          Lair |   9875 |   9209 |    666 |   1482 |   6846 |   6 | 1645.8 |
         Swamp |    825 |    784 |     41 |      5 |    654 |   2 |  412.5 |
  Orcish Mines |   2151 |   1986 |    165 |    389 |   1301 |   2 | 1075.5 |
               +--------+--------+--------+--------+--------+-----+--------+

Top non-repeatable levels by time:
    D:11: 2565 daAuts
     D:6: 2361 daAuts
  Lair:3: 2348 daAuts
    D:14: 1991 daAuts
  Lair:1: 1983 daAuts
  Lair:5: 1916 daAuts
    D:12: 1912 daAuts
    D:10: 1848 daAuts
    D:13: 1679 daAuts
     D:3: 1505 daAuts
     D:7: 1492 daAuts
     D:4: 1482 daAuts
  Lair:6: 1474 daAuts
    D:15: 1407 daAuts
   Orc:1: 1351 daAuts
